 Dungeon Crawl Stone Soup version 0.31.0-12-g77e489cdc1 (webtiles) character file.

Game seed: 15017421437696000191

1645 GeoRichter the Trooper (level 8, -5/73 HPs)
             Began as a Green Draconian Shapeshifter on Feb 20, 2024.
             Slain by a two-headed ogre
             ... wielding a +0 giant club
              (14 damage)
             ... on level 5 of the Dungeon.
             The game lasted 00:10:05 (5449 turns).

GeoRichter the Trooper (DrSh)                       Turns: 5449, Time: 00:10:06

Health: -5/73      AC:  6    Str: 16    XL:     8   Next: 67%
Magic:  17/17      EV: 12    Int: 14    God:
Gold:   163        SH:  0    Dex: 12    Spells: 7/7 levels left

rFire   . . .        h - +1 dagger (speed)
rCold   . . .        (no shield)
rNeg    + . .        (body armour unavailable)
rPois   +            (helmet currently unavailable)
rElec   .            (cloak currently unavailable)
rCorr   .            (gloves currently unavailable)
SInv    .            (boots currently unavailable)
Will    .....        (no amulet)
Stlth   +            r - ring of Sovereignty {Wiz rN+ Int+2}
HPRegen 0.32/turn    g - ring of magical power
MPRegen 0.15/turn

%: wizardry (x1)
@: short of breath, beast-form
A: beast (slay +4), breathe noxious fumes, AC +6, unfitting armour, poison
resistance, cold-blooded
a: Breathe Noxious Fumes, Begin Untransformation


You were on level 5 of the Dungeon.
You were a hulking beast.
You visited 1 branch of the dungeon, and saw 7 of its levels.

You collected 240 gold pieces.
You spent 77 gold pieces at shops.

Inventory:

Hand Weapons
 h - a +1 dagger of speed (weapon)
   (You found it on level 2 of the Dungeon)
Armour
 j - a +0 pair of boots
   (You found it on level 2 of the Dungeon)
Jewellery
 g - a ring of magical power (right hand)
   (You found it on level 4 of the Dungeon)
 r - the ring of Sovereignty (left hand) {Wiz rN+ Int+2}
   (You found it on level 5 of the Dungeon)

   [ring of wizardry]

   Wiz:       It improves your spell success rate.
   Int+2:     It affects your intelligence (+2).
   rN+:       It protects you from negative energy.
Talismans
 b - a beast talisman
 c - a flux talisman
Scrolls
 d - a scroll of brand weapon {unknown}
 e - 2 scrolls of noise {!r}
 f - a scroll of immolation {unknown}
 q - 4 scrolls of teleportation {@r4}
 s - a scroll of enchant armour
Potions
 a - a potion of lignification {!q}
 i - a potion of haste {unknown}
 k - 2 potions of cancellation
 l - a potion of magic {unknown}
 n - a potion of berserk rage {unknown}
 o - a potion of degeneration {unknown}
 t - a potion of curing {unknown}
 u - a potion of attraction {unknown}
 v - 2 potions of mutation {unknown}


   Skills:
 + Level 7.4 Fighting
 + Level 2.1 Dodging
 * Level 5.8 Unarmed Combat
 + Level 7.1 Shapeshifting


You had 7 spell levels left.
You didn't know any spells.
Your spell library contained the following spells:

 Spells                   Type           Power      Damage    Failure   Level
 Foxfire                  Conj/Fire      0%         2x1d4     12%         1
 Freeze                   Ice            0%         1d3       12%         1
 Sandblast                Erth           0%         2d4       12%         1
 Cigotuvi's Dreadful Rot  Necr/Alch/Air  0%         N/A       17%         2
 Ignite Poison            Fire/Alch      0%         N/A       71%         4
 Freezing Cloud           Conj/Ice/Air   0%         6-21      95%         5


Dungeon Overview and Level Annotations

Branches:
Dungeon (7/15) Zot: 25205
 Temple: D:4-7

Altars:
Sif Muna

Shops:
D:3 [   D:4 ?

Annotations:
D:3 1 runed translucent door, NigelTetley's ghost, amateur OpSh
D:6 Grinder


Innate Abilities, Weirdness & Mutations

You are a hulking beast.
Your limbs bulge with bestial killing power. (Slay +4)
You can breathe blasts of noxious fumes.
Your lurid green scales are hard. (AC +6)
You cannot fit into any form of body armour.
Your system is resistant to poisons. (rPois)
You are cold-blooded and may be slowed by cold attacks.


Message History

Okay, then.
You feel much better.
The two-headed ogre is engulfed in noxious fumes.
The two-headed ogre appears confused.
You hit the two-headed ogre but do no damage.
You punch the two-headed ogre.
The two-headed ogre is lightly wounded.
You hit the two-headed ogre.
The two-headed ogre is moderately wounded.
You hit the two-headed ogre but do no damage.
You tail-slap the two-headed ogre.
The two-headed ogre is moderately wounded.
You strike the helpless two-headed ogre from behind!
You hit the two-headed ogre. You tail-slap the two-headed ogre.
The two-headed ogre is heavily wounded.
You puncture the two-headed ogre! You punch the two-headed ogre.
The two-headed ogre is severely wounded.
Unknown command.
Okay, then.
Okay, then.
The two-headed ogre seems less confused.
The air fills with toxic fumes!
As you read the scroll of poison {!r}, it crumbles to dust.
Okay, then.
Okay, then.
Search for what [? for help]? throw You start resting.
You have got your breath back.
You start resting.
A two-headed ogre is nearby!
Aiming: Breathe Noxious Fumes (4% risk of failure)
Press: ? - help, Shift-Dir - straight line, f/p - two-headed ogre
Aim: a two-headed ogre, wielding two +0 giant clubs (heavily wounded, 81% to hit)
You exhale a blast of noxious fumes.
The blast of choking fumes hits the two-headed ogre!
The two-headed ogre is severely wounded.
The two-headed ogre is engulfed in noxious fumes.
The two-headed ogre is engulfed in noxious fumes.
The two-headed ogre appears confused.
The two-headed ogre is engulfed in noxious fumes.
The two-headed ogre laughs crazily.
The two-headed ogre barely misses you. The two-headed ogre misses you.
You hit the two-headed ogre.
The two-headed ogre is severely wounded.
You hit the two-headed ogre.
The two-headed ogre is severely wounded.
The two-headed ogre hits you with a +0 giant club!!
* * * LOW HITPOINT WARNING * * *
The two-headed ogre hits you with a +0 giant club!
You die...

######### #.......# #[#####.# ###
#.# ##.## #.. #.# ##...####.# #>#
#..#......# ########
##)###....####.#
#......#######........#####.#
#.####<....Oh.......#.....#.# #.#
#########..............# #.#
#...#..#[###.#.# #.#
#...#..#.###.#.. #.#
#...#.....##.##. #.#
##.........#...#. #####.########
#................
..<..........####..#.#####.#.....
##....######.......#.# #)##....


You could see a two-headed ogre (confused).

Vanquished Creatures
  Pikel (D:7)
  An orc warrior (D:5)
  A black bear (D:5)
  An ogre (D:5)
  An ice beast (D:6)
  2 phantoms
  A gnoll sergeant (D:5)
  2 scorpions
  3 bombardier beetles
  2 orc priests (D:5)
  2 sleepcaps (D:5)
  2 orc wizards
  2 iguanas (D:5)
  10 adders
  2 ribbon worms (D:3)
  14 orcs
  7 ball pythons
  A bat (D:2)
  6 endoplasms
  4 giant cockroaches
  7 goblins
  3 hobgoblins
  2 jackals (D:3)
  7 quokkas
  8 frilled lizards
  5 kobolds
  A rat (D:2)
98 creatures vanquished.

Notes
Turn   | Place    | Note
-------+----------+-------------------------------------------
     0 | D:1      | GeoRichter the Draconian Shapeshifter began the quest for
                  | the Orb.
     0 | D:1      | Reached XP level 1. HP: 16/16 MP: 1/1
   552 | D:1      | Reached XP level 2. HP: 9/23 MP: 2/2
   867 | D:2      | Reached XP level 3. HP: 28/28 MP: 3/3
  1389 | D:3      | Reached XP level 4. HP: 36/36 MP: 4/4
  1478 | D:3      | Found a shimmering blue altar of Sif Muna.
  1777 | D:3      | Found Quvver's Antique Armour Boutique.
  1932 | D:3      | Reached XP level 5. HP: 41/41 MP: 5/5
  1977 | D:3      | Found a runed translucent door.
  1982 | D:3      | Noticed NigelTetley's ghost (amateur OpSh)
  2440 | D:4      | Found Ziur's Magic Scroll Shoppe.
  2446 | D:4      | Bought a scroll of identify for 22 gold pieces
  2448 | D:4      | Bought a scroll of identify for 22 gold pieces
  2448 | D:4      | Bought a scroll of teleportation for 33 gold pieces
  2486 | D:4      | Reached skill level 5 in Shapeshifting
  2507 | D:4      | Noticed a phantom
  2533 | D:4      | Killed a phantom
  2583 | D:4      | Got A Beginning Course on Witchery
  2744 | D:4      | Reached XP level 6. HP: 40/52 MP: 6/6
  3420 | D:5      | Entered Level 5 of the Dungeon
  3424 | D:5      | You fall into a shaft and drop 2 floors!
  3439 | D:7      | Noticed Pikel
  3459 | D:7      | Killed Pikel
  3460 | D:7      | Your scales start taking on a lurid green colour.
  3460 | D:7      | Reached XP level 7. HP: 35/64 MP: 7/7
  3460 | D:7      | Gained mutation: Your system is resistant to poisons.
                  | (rPois) [Green Draconian growth]
  3778 | D:6      | Noticed Grinder
  3778 | D:6      | Paralysed by Grinder for 4 turns
  3861 | D:5      | Reached XP level 8. HP: 70/73 MP: 8/8
  3976 | D:5      | Identified the ring of Sovereignty {Wiz rN+ Int+2}
  4629 | D:5      | Reached skill level 5 in Unarmed Combat
  4789 | D:5      | Noticed a two-headed ogre
  5449 | D:5      | Slain by a two-headed ogre

Illustrated notes

Levels and vault maps discovered:
D:1:      dpeg_arrival_refuge, layout_loops_ring
D:2:      layout_rooms, serial_bayou_lake_a
D:3:      layout_loops_ring, general_overflow_altar, serial_shops,
          nicolae_shop_window_shopping, ebering_ghost_sewer_d,
          kennysheep_big_empty_room, chequers_serial_rivers_marsh
D:4:      layout_basic, serial_shops, nicolae_shop_rolling_square,
          dreamdust_princess_corridor, kennysheep_generic_room_16
D:5:      kennysheep_big_flooded_room, layout_loops_ring
D:6:      layout_basic, minmay_temple_entry_statues_fountains, uniq_grinder
D:7:      layout_loops_ring, grunt_temple_overflow_open, minmay_liquid_box,
          minmay_quadrilaterals, uniq_pikel

Skill      XL: |  1  2  3  4  5  6  7  8 |
---------------+-------------------------+-----
Fighting       | 2 3 6 7 |  7.4
Shapeshifting  | 4 5 6 7 |  7.1
Unarmed Combat | 5 |  5.8
Dodging        | 2 |  2.1

Action                     |  1- 3 |  4- 6 |  7- 9 || total
---------------------------+-------+-------+-------++-------
  Melee: Unarmed           |    38 |       |       ||    38
         Punch             |     3 |     6 |     8 ||    17
         Tailslap          |     8 |    27 |    37 ||    72
         Dagger            |    61 |   215 |   151 ||   427
Ability: Breathe Noxious F |       |       |     6 ||     6
    Use: Scroll            |       |     5 |     2 ||     7
         Potion            |       |       |     1 ||     1
   Stab: Sleeping          |       |       |     2 ||     2
         Confused          |       |       |     2 ||     2
 Armour: Skin              |    28 |    62 |    73 ||   163
  Dodge: Dodged            |    50 |    73 |    54 ||   177
